AoeStats
← b95303076

Nomad

510398183Analyzed
2v2 RM · 18h ago on Sep 30, 2026· 24m 32s· 4 players
Game mode
Random Map
Map size
176×176
Population
200
Speed
Normal
Resources
Standard
Victory
Conquest
Starting age
Dark Age
Ending age
Imperial Age
RankedLock teamsTeams togetherTeam positionsShared explorationLock speedFull tech treeHidden civsTurbo modeCheats
Victory
Defeat
🇮🇳 Varangians · India
1448
+14
🇮🇳 Burmese · India
1447
+14
🇺🇸 Danes · United States
1421
-15
🇹🇼 Saxons · Taiwan
1389
-13
meatfoot29
4:53 Loom
13:47 Feudal Age
14:18 Town Watch
17:18 Castle Age
17:06 Scale Mail Armor
16:54 Double-Bit Axe
18:32 Bow Saw
19:16 Horse Collar
21:34 Wheelbarrow
b95303076
12:02 Feudal Age
12:33 Loom
12:40 Double-Bit Axe
20:30 Castle Age
18:49 Fletching
20:56 Horse Collar
Seetha
8:52 Loom
13:14 Feudal Age
14:07 Town Watch
17:10 Castle Age
16:34 Double-Bit Axe
18:26 Medium Warships
18:42 Bow Saw
20:26 Fishing Lines
Invincius
5:42 Loom
12:30 Feudal Age
17:25 Castle Age
18:00 Horse Collar
19:25 Fletching
20:03 Gold Mining
23:55 Town Watch
Connection lost

Rejoining the realm…

Still unreachable

The connection could not be restored.

Session expired

The server has moved on; the page needs a fresh start.